 Dungeon Crawl Stone Soup version 0.21.1-1-g345015f (webtiles) character file.

1656 DiscipleGeek the Cudgeler (level 8, -2/78 HPs)
             Began as a Troll Fighter on Mar 27, 2018.
             Was a Follower of Trog.
             Killed by divine providence
             ... invoked by an orc priest
              (11 damage)
             ... on level 5 of the Dungeon.
             The game lasted 00:35:29 (3736 turns).

DiscipleGeek the Cudgeler (Troll Fighter)           Turns: 3736, Time: 00:35:29

Health: -2/78      AC:  5    Str: 32    XL:     8   Next: 68%
Magic:  7/7        EV: 13    Int:  4    God:    Trog [*.....]
Gold:   207        SH: 10    Dex:  9    Spells: 7/7 levels left

rFire    . . .     SeeInvis .   a - +1 flail
rCold    . . .     Gourm    +   c - +0 shield
rNeg     . . .     Faith    .   p - +0 robe
rPois    .         Spirit   .   (helmet restricted)
rElec    .         Reflect  .   (no cloak)
rCorr    .         Harm     .   (gloves unavailable)
MR       .....                  (boots unavailable)
Stlth    ++........             x - amulet of rage
HPRegen  0.63/turn              k - +4 ring of evasion
MPRegen  0.10/turn              y - ring of stealth

@: mighty
A: large, unfitting armour, claws 3, fast metabolism 3, gourmand, regeneration
1, shaggy fur 1, tough skin 2
a: Berserk, Burn Spellbooks, Renounce Religion, Evoke Berserk Rage


You were on level 5 of the Dungeon.
You worshipped Trog.
Trog was aware of your devotion.
You were completely stuffed.

You visited 2 branches of the dungeon, and saw 6 of its levels.
You also visited: Sewer.

You collected 207 gold pieces.

Inventory:

Hand Weapons
 a - a +1 flail (weapon)
 b - a +0 hunting sling
 i - a +1 short sword of speed
 o - a cursed +0 bardiche
 s - a +0 blowgun
 t - a +0 dagger
 u - a +0 hunting sling
 D - a +0 falchion
Missiles
 j - 70 sling bullets
 n - 74 arrows
 w - 21 poisoned needles
Armour
 c - a +0 shield (worn)
 p - a +0 robe (worn)
 E - a +0 shield
Jewellery
 e - an uncursed ring of protection from cold
 k - a +4 ring of evasion (left claw)
 x - an amulet of rage (around neck)
 y - a ring of stealth (right claw)
Wands
 A - a wand of flame (19)
Scrolls
 l - a scroll of magic mapping {unknown}
 m - 7 scrolls of teleportation {unknown}
 q - 2 scrolls of identify
 G - 2 scrolls of remove curse {unknown}
 H - a scroll of enchant armour {unknown}
 I - a scroll of torment {unknown}
Potions
 d - 2 potions of might
 g - 7 potions of curing {unknown}
 h - a potion of mutation {unknown}
 r - a potion of invisibility {unknown}
 v - a potion of degeneration {unknown}
 z - 3 potions of flight {unknown}
 B - a potion of lignification {unknown}
 C - a potion of magic {unknown}
Comestibles
 f - 10 rations
 J - 6 chunks of flesh


   Skills:
 + Level 4.2 Fighting
 + Level 6.1 Maces & Flails
 + Level 2.5(2.7) Slings
 + Level 1.8(2.9) Throwing
 + Level 4.3 Dodging
 + Level 0.9 Stealth
 + Level 4.3 Shields


You had 7 spell levels left.
You didn't know any spells.

Dungeon Overview and Level Annotations

Branches:
Dungeon (5/15)             Temple (1/1) D:4

Altars:
Ashenzari
Dithmenos
Elyvilon
Kikubaaqudgha
Ru
Trog
Uskayaw
Vehumet
Wu Jian
Zin

Shops:
D:4 *}%%


Innate Abilities, Weirdness & Mutations

You are too large for most types of armour.
You have claws for hands.
Your metabolism is lightning-fast.
You like to eat raw meat.
Your natural rate of healing is unusually fast.
You are covered in fur. (AC +1)
You have very tough skin. (AC +2)


Message History

The ice beast hits you.
* * * LOW HITPOINT WARNING * * *
The ice beast freezes you.
* * * LOW HITPOINT WARNING * * *
You see here a spear.
The orc priest calls down the wrath of Beogh upon you.
Beogh smites you!
* * * LOW HITPOINT WARNING * * *
You see here a whip.
The orc priest invokes the aid of Beogh against you.
Beogh smites you!
* * * LOW HITPOINT WARNING * * *
The ice beast barely misses you.
You feel very mighty all of a sudden.
You sock the ice beast!
You kill the ice beast!
Trog accepts your kill.
The orc priest calls down the wrath of Beogh upon you.
Beogh smites you!
You die...

### ##.## #...##
#.#..#### ## #.....#.#
###. #.
##..#....######)..
#..#...#....##....)).
#..#...#..........)).
#...@...o............
#............#.....####
#..##........##..#### #
. #.......###..#
##.......# ##.#
###.......## #..
..........# #..#
.........## #...
....#####..#


You could see an orc priest.

Vanquished Creatures
  The ghost of Ganima the Basher, a novice MiSk of Makhleb (D:5)
  Grinder (D:3)
  2 ice beasts
  3 ogres (D:4)
  A big kobold (Sewer)
  A crimson imp (D:5)
  3 orc priests
  4 orc wizards
  A gnoll shaman (D:5)
  Terence (D:2)
  Ijyb (D:3)
  Natasha (twice) (D:2)
  An iguana (D:4)
  A worker ant (D:5)
  A worker ant zombie (D:5)
  Robin (D:2)
  4 gnolls (D:5)
  7 adders
  A river rat (D:3)
  2 oozes (Sewer)
  An adder skeleton (D:4)
  3 worms
  A dart slug (D:3)
  3 leopard geckos
  11 orcs
  2 ball pythons
  3 bats
  6 giant cockroaches
  9 hobgoblins
  10 kobolds
  A quokka (D:4)
  6 frilled lizards
  10 goblins
  A leopard gecko skeleton (D:4)
  10 rats
116 creatures vanquished.

Vanquished Creatures (others)
  An orc wizard (D:5)
1 creature vanquished.

Grand Total: 117 creatures vanquished

Notes
Turn   | Place    | Note
-------+----------+-------------------------------------------
     0 | D:1      | DiscipleGeek the Troll Fighter began the quest for the Orb.
     0 | D:1      | Reached XP level 1. HP: 22/22 MP: 0/0
   146 | D:1      | Reached XP level 2. HP: 29/29 MP: 1/1
   189 | D:1      | Reached skill level 2 in Maces & Flails
   910 | D:2      | Noticed Terence
   915 | D:2      | Killed Terence
   915 | D:2      | Reached XP level 3. HP: 33/36 MP: 2/2
   941 | D:2      | Noticed Natasha
   948 | D:2      | Killed Natasha
   948 | D:2      | Reached XP level 4. HP: 44/44 MP: 3/3
  1161 | D:2      | Noticed Robin
  1170 | D:2      | Killed Robin
  1281 | D:2      | Noticed Natasha
  1284 | D:2      | Killed Natasha
  1284 | D:2      | Reached skill level 3 in Maces & Flails
  1393 | D:2      | Found a sacrificial altar of Ru.
  1401 | D:2      | Became a worshipper of Ru the Awakened
  1417 | D:2      | Reached XP level 5. HP: 52/52 MP: 4/4
  1596 | D:3      | Noticed Grinder
  1604 | D:3      | Paralysed by Grinder for 2 turns
  1609 | D:3      | Killed Grinder
  1609 | D:3      | Reached skill level 4 in Maces & Flails
  1609 | D:3      | Reached XP level 6. HP: 37/61 MP: 5/5
  1794 | D:3      | Noticed Ijyb
  1817 | D:3      | Killed Ijyb
  1818 | D:3      | Noticed an ice beast
  1823 | D:3      | Killed an ice beast
  1823 | D:3      | Reached XP level 7. HP: 57/67 MP: 6/6
  1842 | D:3      | Reached skill level 1 in Slings
  1994 | D:3      | Found a glowing drain.
  2001 | Sewer    | Entered a sewer
  2524 | D:4      | Found Assat's Food Shop.
  2746 | D:4      | Found Betusmuog's Gadget Shoppe.
  2778 | D:4      | Reached skill level 5 in Maces & Flails
  2879 | D:4      | Found Mur Vusch's Assorted Antiques.
  3051 | D:4      | Found a staircase to the Ecumenical Temple.
  3067 | D:4      | Reached XP level 8. HP: 64/78 MP: 7/7
  3082 | Temple   | Entered the Ecumenical Temple
  3116 | Temple   | Fell from the grace of Ru
  3116 | Temple   | Became a worshipper of Trog the Wrathful
  3274 | D:4      | Found Ybrutzus's Food Boutique.
  3301 | D:5      | Entered Level 5 of the Dungeon
  3331 | D:5      | Noticed Ganima's ghost (novice MiSk)
  3343 | D:5      | Killed Ganima's ghost
  3382 | D:5      | Reached skill level 1 in Throwing
  3452 | D:5      | Found an ancient bone altar of Kikubaaqudgha.
  3690 | D:5      | Reached skill level 6 in Maces & Flails
  3694 | D:5      | Reached * piety under Trog
  3736 | D:5      | Killed from afar by an orc priest

Skill      XL: |  1  2  3  4  5  6  7  8 |
---------------+-------------------------+-----
Maces & Flails | 2 3 4 5 6 |  6.1
Shields        | 3 4 |  4.3
Dodging        | 3 4 |  4.3
Fighting       | 3 4 |  4.2
Slings         | 2 |  2.5
Throwing       | 1 |  1.8
Stealth        | |  0.9

Action                   |  1- 3 |  4- 6 |  7- 9 || total
-------------------------+-------+-------+-------++-------
Melee: Flail             |    51 |   107 |   224 ||   382
 Fire: Hunting sling     |       |    25 |    54 ||    79
Throw: Tomahawk          |       |       |    30 ||    30
Invok: Burn Spellbooks   |       |       |     2 ||     2
Evoke: Wand              |       |     2 |     2 ||     4
  Use: Scroll            |     5 |     2 |     3 ||    10
       Potion            |       |       |     1 ||     1
 Stab: Sleeping          |       |     1 |     1 ||     2
  Eat: Chunk             |    12 |    10 |    20 ||    42
Armor: Robe              |    14 |    47 |    36 ||    97
Dodge: Dodged            |    16 |    82 |   115 ||   213
Block: Shield            |    23 |    71 |   113 ||   207
